 Dungeon Crawl Stone Soup version 0.31.0-11-ge490571c62 (webtiles) character file.

Game seed: 16234709070052390963

948 qw the Shooter (level 7, -4/35 HPs)
             Began as a Spriggan Hunter on Feb 4, 2024.
             Was a Follower of Okawaru.
             Slain by Edmund
             ... wielding a +0 flail of protection
              (9 damage)
             ... on level 5 of the Dungeon.
             The game lasted 00:00:16 (3847 turns).

qw the Shooter (Spriggan Hunter)                    Turns: 3847, Time: 00:00:16

Health: -4/35      AC:  2    Str:  7    XL:     7   Next: 89%
Magic:  8/10       EV: 28    Int: 10    God:    Okawaru [*.....]
Gold:   206        SH:  0    Dex: 21    Spells: 6/6 levels left

rFire   . . .        a - +0 shortbow
rCold   . . .        (shield currently unavailable)
rNeg    . . .        c - +0 robe
rPois   .            (helmet restricted)
rElec   .            (no cloak)
rCorr   .            (gloves unavailable)
SInv    +            (boots unavailable)
Will    +....        (no amulet)
Stlth   ++++         (no ring)
HPRegen 0.25/turn    (no ring)
MPRegen 0.12/turn

%: no passive effects
@: heroic, very quick
A: very small, no large weapons, unfitting armour, see invisible, speed 3
a: Renounce Religion, Heroism


You were on level 5 of the Dungeon.
You worshipped Okawaru.
Okawaru was aware of your devotion.
You visited 2 branches of the dungeon, and saw 6 of its levels.

You collected 206 gold pieces.


Innate Abilities, Weirdness & Mutations

You are very small and have problems with some larger weapons.
You are too small for most types of armour.
You have supernaturally acute eyesight. (SInv)
You cover ground extremely quickly. (Speed+++)


   Skills:
 - Level 2.2(7.2) Fighting
 + Level 7.4(12.4) Ranged Weapons
 - Level 7.2(12.2) Dodging
 - Level 1.5(6.5) Stealth
 + Level 3.3 Invocations


You had 6 spell levels left.
You didn't know any spells.
Your spell library was empty.

Inventory:

Hand Weapons
 a - a +0 shortbow (weapon)
Armour
 c - a +0 robe (worn)
Wands
 g - a wand of roots (4)
Potions
 b - a potion of magic {unknown}
 e - a potion of invisibility {unknown}
 f - a potion of haste {unknown}
 i - a potion of enlightenment {unknown}
 j - a potion of curing {unknown}
 k - 2 potions of might
 l - a potion of attraction {unknown}

Dungeon Overview and Level Annotations

Branches:
Dungeon (5/15)             Temple (1/1) D:4

Altars:
Cheibriados
Dithmenos
Elyvilon
Fedhas
Gozag
Hepliaklqana
Kikubaaqudgha
Makhleb
Okawaru
Qazlal
Ru
Sif Muna
Trog
Xom
Yredelemnul
Zin
The Shining One

Annotations:
D:3 3 runed translucent doors, qw's ghost, weakling SpHu
D:5 Edmund; Prince Ribbit


Message History

You are no longer poisoned.
You shoot an arrow. The arrow hits Edmund.
Edmund is moderately wounded.
Edmund completely misses you.
You shoot an arrow. The arrow barely misses Edmund.
The arrow misses the kobold brigand.
The arrow closely misses the wight.
The arrow hits the wight but does no damage.
Edmund barely misses you.
You shoot an arrow. The arrow barely misses Edmund.
The arrow hits the kobold brigand.
The kobold brigand is moderately wounded.
Edmund completely misses you.
You shoot an arrow.
The arrow hits Edmund but does no damage.
Edmund is moderately wounded.
You shoot an arrow. The arrow hits Edmund.
Edmund is moderately wounded.
You feel like a meek peon again.
Prince Ribbit is no longer blind.
Edmund closely misses you.
Prince Ribbit blinks!
3844 ||| INVOKING Heroism.
You gain the combat prowess of a mighty hero.
The sentinel's mark upon you fades away.
A kobold comes into view. It is wielding a +0 dagger.
Edmund says, "You wouldn't believe how much I paid for this flail."
Edmund completely misses you.
You shoot an arrow. The arrow closely misses Edmund.
The arrow barely misses the kobold brigand.
The arrow hits the wight but does no damage.
Edmund misses you.
An orc comes into view. It is wielding a +0 mace.
You shoot an arrow. The arrow hits Edmund.
Edmund is heavily wounded.
Edmund completely misses you.
You shoot an arrow. The arrow barely misses Edmund.
The arrow hits the kobold brigand!
The kobold brigand is heavily wounded.
Edmund hits you with a +0 flail of protection!
You die...
Edmund says, "That'll show my brother!"

..# .. #F. #.### #. #.### #
######...## #.# #.h.# B.
#.........# .. ###K#.### ..
#.......#.# #.##..z#.s.#.#
#.......#.## #.#..#####...#
#..........#####...## ##s.@..
#.......#.....###OK#######.###z
#.......#...#.@@KzzBo..z...#
#)....(.###.####zs#####...##
#.####### #.# #...# . #.# #..
#.#... #.# ###. ..##### #.#
##..# #.# #... #.# #.## #.#


You could see Edmund, a kobold brigand, an ogre, a scorpion, a bombardier
beetle, 3 wights, an orc and a kobold.

Vanquished Creatures
  2 ogres (D:5)
  A black bear (D:4)
  A phantom (D:5)
  2 scorpions (D:5)
  A jelly (D:4)
  3 bombardier beetles
  4 hounds
  An orc priest (D:4)
  An iguana (D:3)
  Ijyb (D:3)
  An orc wizard (D:4)
  Robin (D:3)
  2 adders
  2 ufetubi (D:5)
  2 ribbon worms
  A dart slug (D:4)
  5 orcs
  6 bats
  8 endoplasms
  6 giant cockroaches
  10 hobgoblins
  A quokka (D:1)
  8 ball pythons
  4 frilled lizards
  11 goblins
  12 kobolds
  2 rats
99 creatures vanquished.

Notes
Turn   | Place    | Note
-------+----------+-------------------------------------------
     0 | D:1      | qw the Spriggan Hunter began the quest for the Orb.
     0 | D:1      | Reached XP level 1. HP: 10/10 MP: 2/2
     0 | D:1      | 0 ||| qw: Version: 0.3-a-160-g6735b56
     0 | D:1      | 0 ||| qw: Game counter: 5192
     0 | D:1      | 0 ||| qw: Melee chars always use a shield: true
     0 | D:1      | 0 ||| qw: God list: Okawaru
     0 | D:1      | 0 ||| qw: Allow faded altars: false
     0 | D:1      | 0 ||| qw: Do Orc after clearing Dungeon:15 true
     0 | D:1      | 0 ||| qw: Do second Lair branch before Depths: true
     0 | D:1      | 0 ||| qw: Lair rune preference: random
     0 | D:1      | 0 ||| qw: Goals: Normal
     0 | D:1      | 0 ||| PLANNING D:1-11
    30 | D:1      | Reached skill level 3 in Dodging
   162 | D:1      | Reached XP level 2. HP: 14/14 MP: 3/3
   666 | D:1      | 666 ||| DROPPING scroll of butterflies.
   694 | D:2      | 694 ||| STAIRDANCE
   699 | D:1      | Reached XP level 3. HP: 18/18 MP: 4/4
  1447 | D:2      | 1447 ||| READING scroll labelled URGHOI FERAPYM.
  1548 | D:2      | 1548 ||| READING scroll labelled LUASOXT VITYUNG.
  1549 | D:2      | 1549 ||| READING scroll labelled ABOMISU UJIR.
  1731 | D:3      | HP: 3/18 [iguana (4)]
  1733 | D:3      | Reached XP level 4. HP: 4/22 MP: 5/5
  1848 | D:3      | Found a faded altar of an unknown god.
  1923 | D:3      | Noticed Ijyb
  1925 | D:3      | Noticed Robin
  1931 | D:3      | 1931 ||| ZAPPING wand of light (10) at 0,1 (Ijyb; floor).
  1931 | D:3      | Killed Robin
  1932 | D:3      | Reached XP level 5. HP: 22/26 MP: 6/6
  1932 | D:3      | 1932 ||| ZAPPING wand of light (9) at 0,1 (Ijyb; floor).
  1933 | D:3      | 1933 ||| ZAPPING wand of light (8) at 0,1 (Ijyb; floor).
  1934 | D:3      | 1934 ||| ZAPPING wand of light (7) at 0,1 (Ijyb; floor).
  1934 | D:3      | Killed Ijyb
  2170 | D:3      | Found a runed translucent gate.
  2171 | D:3      | Found a runed translucent gate.
  2172 | D:3      | Found a runed translucent gate.
  2176 | D:3      | Noticed qw's ghost (weakling SpHu)
  2406 | D:3      | 2406 ||| READING scroll labelled BOEWKA ONUSCH.
  2453 | D:4      | Found a staircase to the Ecumenical Temple.
  2454 | D:4      | 2454 ||| PLANNING TEMPLE
  2473 | Temple   | Entered the Ecumenical Temple
  2474 | Temple   | 2474 ||| PLANNING OKAWARU WORSHIP
  2510 | Temple   | Became a worshipper of Warmaster Okawaru
  2511 | Temple   | 2511 ||| PLANNING D:1-11
  2607 | D:4      | Noticed a black bear
  2608 | D:4      | 2608 ||| ZAPPING wand of light (6) at -1,4 (black bear;
                  | floor).
  2609 | D:4      | 2609 ||| ZAPPING wand of light (5) at -1,3 (black bear;
                  | floor).
  2609 | D:4      | Killed a black bear
  2610 | D:4      | Reached skill level 6 in Ranged Weapons
  2645 | D:4      | Reached XP level 6. HP: 30/30 MP: 7/7
  2656 | D:4      | 2656 ||| FLEEEEING.
  2657 | D:4      | 2657 ||| FLEEEEING.
  2658 | D:4      | 2658 ||| FLEEEEING.
  2660 | D:4      | 2660 ||| FLEEEEING.
  2661 | D:4      | 2661 ||| FLEEEEING.
  2662 | D:4      | 2662 ||| FLEEEEING.
  2663 | D:4      | 2663 ||| FLEEEEING.
  2664 | D:4      | 2664 ||| FLEEEEING.
  2665 | D:4      | 2665 ||| STAIRDANCE
  2782 | D:4      | Reached skill level 6 in Dodging
  2913 | D:4      | HP: 3/30 [acid (8)]
  2919 | D:4      | HP: 1/30 [kobold/+0 dagger (4)]
  2930 | D:4      | HP: 3/30 [bombardier beetle (1)]
  3316 | D:4      | Reached * piety under Okawaru
  3317 | D:4      | Reached XP level 7. HP: 35/35 MP: 8/8
  3647 | D:4      | 3647 ||| READING scroll labelled YSAEGA ELAEFEIRPH.
  3651 | D:4      | 3651 ||| READING scroll labelled GIODWU ELUXA.
  3652 | D:4      | 3652 ||| DRINKING 3 metallic emerald potions.
  3658 | D:5      | Entered Level 5 of the Dungeon
  3672 | D:5      | Reached skill level 1 in Invocations
  3803 | D:5      | Noticed Edmund
  3804 | D:5      | 3804 ||| RETREEEEATING.
  3806 | D:5      | 3806 ||| RETREEEEATING.
  3807 | D:5      | 3807 ||| RETREEEEATING.
  3808 | D:5      | 3808 ||| RETREEEEATING.
  3808 | D:5      | Noticed Prince Ribbit
  3809 | D:5      | 3809 ||| ZAPPING wand of light (4) at 1,-5 (Prince Ribbit;
                  | floor).
  3810 | D:5      | 3810 ||| RETREEEEATING.
  3811 | D:5      | 3811 ||| RETREEEEATING.
  3813 | D:5      | 3813 ||| RETREEEEATING.
  3814 | D:5      | 3814 ||| RETREEEEATING.
  3815 | D:5      | 3815 ||| RETREEEEATING.
  3817 | D:5      | 3817 ||| RETREEEEATING.
  3818 | D:5      | 3818 ||| RETREEEEATING.
  3819 | D:5      | 3819 ||| RETREEEEATING.
  3820 | D:5      | 3820 ||| RETREEEEATING.
  3821 | D:5      | 3821 ||| RETREEEEATING.
  3822 | D:5      | 3822 ||| ZAPPING wand of light (3) at 3,-1 (Prince Ribbit;
                  | floor).
  3823 | D:5      | 3823 ||| ZAPPING wand of light (2) at 2,0 (Prince Ribbit;
                  | floor).
  3824 | D:5      | 3824 ||| ZAPPING wand of light (1) at 2,0 (Prince Ribbit;
                  | floor).
  3825 | D:5      | 3825 ||| INVOKING Heroism.
  3827 | D:5      | Reached skill level 3 in Invocations
  3832 | D:5      | HP: 8/35 [poisoned by a scorpion]
  3838 | D:5      | Reached ** piety under Okawaru
  3838 | D:5      | HP: 3/35 [poisoned by a scorpion]
  3844 | D:5      | 3844 ||| INVOKING Heroism.
  3847 | D:5      | Slain by Edmund

Levels and vault maps discovered:
D:1:      matt_arrival_grand_opening, layout_loops_ring
D:2:      layout_basic
D:3:      layout_loops_ring, basic_ecumenical_altar,
          gammafunk_ghost_nasty_kobolds, nicolae_goblin_pals
D:4:      kennysheep_six_static_rooms, layout_basic,
          minmay_temple_entry_overgrown
D:5:      layout_rooms, lemuel_coloured_pillars_altar, uniq_edmund,
          uniq_prince_ribbit1
Temple:   minmay_crystal_spiral_temple

Skill      XL: |  1  2  3  4  5  6  7 |
---------------+----------------------+-----
Dodging        | 3 4 5 6 7 |  7.2
Ranged Weapons | 5 6 7 |  7.4
Fighting       | 2 |  2.2
Invocations    | 3 |  3.3
Stealth        | |  1.5

Action                     |  1- 3 |  4- 6 |  7- 9 || total
---------------------------+-------+-------+-------++-------
   Fire: Shortbow          |    96 |   160 |    69 ||   325
 Invoke: Heroism           |       |       |     2 ||     2
  Evoke: Wand              |       |     6 |     4 ||    10
    Use: Scroll            |     3 |     1 |     2 ||     6
         Potion            |       |       |     1 ||     1
 Armour: Robe              |    14 |    17 |    10 ||    41
  Dodge: Dodged            |    43 |    67 |    39 ||   149

Table legend:
 A = Non-vault XP
 B = Vault XP
 C = Vault XP percentage of total XP
 D = Non-vault monster count
 E = Vault monster count
 F = Vault count percentage of total count
                 A         B        C        D         E       F
            +---------+---------+-------+---------+---------+-------
      Total |    1194 |     161 |  11.9 |      86 |      13 |  13.1
            +---------+---------+-------+---------+---------+-------
        D:1 |      40 |       0 |   0.0 |      24 |       0 |   0.0
        D:2 |      39 |       0 |   0.0 |      13 |       0 |   0.0
        D:3 |     108 |      61 |  36.1 |      14 |       7 |  33.3
        D:4 |     435 |     100 |  18.7 |      27 |       6 |  18.2
        D:5 |     572 |       0 |   0.0 |       8 |       0 |   0.0
            +---------+---------+-------+---------+---------+-------
